 Dungeon Crawl Stone Soup version 0.23-a0-470-g6f7cfd9 (webtiles) character file.

2217 tilp the Frost Mage (level 9, -8/61 HPs)
             Began as a Merfolk Ice Elementalist on Nov 26, 2018.
             Was a Believer of Makhleb.
             Killed by divine providence
             ... invoked by an orc priest
              (15 damage)
             ... on level 7 of the Dungeon.
             The game lasted 00:24:51 (8208 turns).

tilp the Frost Mage (Merfolk Ice Elementalist)      Turns: 8208, Time: 00:24:53

Health: -8/61      AC: 14    Str:  8    XL:     9   Next: 35%
Magic:  1/15       EV: 14    Int: 17    God:    Makhleb [**....]
Gold:   239        SH:  0    Dex: 15    Spells: 10/16 levels left

rFire    . . .     SeeInvis .   b - +2 dagger (venom)
rCold    . . .     Gourm    .   (no shield)
rNeg     . . .     Faith    .   g - +0 robe
rPois    .         Spirit   .   (no helmet)
rElec    .         Reflect  .   w - +2 cloak
rCorr    .         Harm     .   (no gloves)
MR       .....                  j - +2 pair of boots
Stlth    ++........             (no amulet)
HPRegen  0.20/turn              (no ring)
MPRegen  0.14/turn              (no ring)

@: icy armour
A: change form in water, swift swim, stealthy swim
a: Minor Destruction, Renounce Religion


You were on level 7 of the Dungeon.
You worshipped Makhleb.
Makhleb was pleased with you.
You were not hungry.

You visited 2 branches of the dungeon, and saw 8 of its levels.

You collected 269 gold pieces.
You spent 30 gold pieces at shops.

Inventory:

Hand Weapons
 a - a +2 dagger of protection
 b - a +2 dagger of venom (weapon)
 k - a +1 halberd of protection
 E - the cursed +14 obsidian axe {chop, +Fly SInv *Curse}
   (You found it on level 5 of the Dungeon)

   It inflicts extra damage upon your enemies.
   It lets you see invisible.
   It lets you fly.
   It curses itself when equipped.
   It has a curse placed upon it.
Missiles
 y - 11 tomahawks (quivered)
Armour
 g - a +0 robe (worn)
 j - a +2 pair of boots (worn)
 w - a +2 cloak (worn)
Magical Staves
 p - an uncursed staff of air {unknown}
Jewellery
 e - a cursed ring of attention {unknown}
 x - an uncursed amulet of magic regeneration
 z - an uncursed ring of positive energy {unknown}
Wands
 m - a wand of flame (33)
 u - a wand of polymorph (6)
 A - a wand of iceblast (5)
 B - a wand of acid (8)
 C - a wand of paralysis (9)
Scrolls
 f - 2 scrolls of immolation
 h - 3 scrolls of amnesia
 i - a scroll of remove curse
 l - 2 scrolls of fear
 o - a scroll of enchant armour
 q - a scroll of teleportation
 v - 3 scrolls of identify
Potions
 d - a potion of curing
 n - 2 potions of brilliance
 r - 2 potions of heal wounds
 s - 2 potions of lignification
 t - a potion of degeneration
 D - a potion of haste
 H - a potion of agility
Comestibles
 c - 15 rations


   Skills:
 - Level 2.0 Fighting
 + Level 7.3 Polearms
 - Level 4.1 Dodging
 - Level 2.1 Stealth
 - Level 4.0 Spellcasting
 - Level 2.1 Conjurations
 - Level 8.1 Ice Magic
 + Level 4.7 Invocations
 + Level 4.3 Evocations


You had 10 spell levels left.
You knew the following spells:

 Your Spells              Type           Power        Failure   Level  Hunger
a - Freeze                Ice            ####         1%          1    None
b - Throw Frost           Conj/Ice       ###...       3%          2    ##.....
c - Ozocubu's Armour      Chrm/Ice       ###.....     9%          3    ###....

Your spell library contained the following spells:

 Spells                   Type           Power        Failure   Level  Hunger
 Animate Skeleton         Necr           N/A          16%         1    None
 Apportation              Tloc           #.....       16%         1    None
 Confusing Touch          Hex            #.....       16%         1    None
 Summon Small Mammal      Summ           #...         16%         1    None
 Throw Icicle             Conj/Ice       ###.....     19%         4    ####...
 Summon Ice Beast         Ice/Summ       ###.....     30%         4    ####...


Dungeon Overview and Level Annotations

Branches:
Dungeon (7/15)             Temple (1/1) D:4

Altars:
Ashenzari
Cheibriados
Dithmenos
Elyvilon
Fedhas
Gozag
Hepliaklqana
Kikubaaqudgha
Makhleb
Nemelex Xobeh
Qazlal
Ru
Sif Muna
Trog
Uskayaw
Vehumet
Wu Jian
Yredelemnul
The Shining One

Shops:
D:7 !

Annotations:
D:7 exclusion: slave


Message History

Confirm with . or Enter, or press ? or * to list all spells.
Aiming: Freeze (safe; 1% risk of failure)
Press: ? - help, Shift-Dir - straight line, f/p - orc warrior
Aim: an orc warrior, wielding a +0 flail and wearing a +0 chain mail (severely You freeze the orc warrior.
The orc warrior is almost dead.
The orc warrior hits you with a +0 flail!
* * * LOW HITPOINT WARNING * * *
Casting: Freeze (safe; 1% risk of failure)
Confirm with . or Enter, or press ? or * to list all spells.
Aiming: Freeze (safe; 1% risk of failure)
Press: ? - help, Shift-Dir - straight line, f/p - orc warrior
Aim: an orc warrior, wielding a +0 flail and wearing a +0 chain mail (almost You freeze the orc warrior.
You kill the orc warrior!
Makhleb accepts your kill.
You feel better.
The orc priest calls down the wrath of Beogh upon you.
Beogh smites you!
You die...

# #...# #.# # #.######.#
# #.##.....# #####.### #
#.##.#####
###+###....o..# ####.##.#
#.....#.####.o# .....##.#
#.....#.####..o #######.#
#.....'......#
#.##########o....#.###..#
#.........@)o....'..# #
############.....#..#
#.....#..# #.....#..#
#.....#... ###########


You could see an orc priest and an orc.

Vanquished Creatures
  2 water moccasins
  Duvessa (D:6)
  2 orc warriors
  3 ogres
  3 centaurs
  A big kobold (D:6)
  3 bullfrogs (D:6)
  Dowan (D:6)
  5 crimson imps
  A jelly (D:6)
  3 hounds
  An orc priest (D:4)
  3 bullfrog skeletons (D:5)
  2 iguanas (D:5)
  2 orc wizards (D:4)
  6 worker ants
  A hound zombie (D:5)
  4 gnolls (D:5)
  7 adders
  A shadow imp (D:5)
  An ooze (D:4)
  2 adder skeletons
  An adder zombie (D:6)
  2 worms
  4 dart slugs
  4 leopard geckos
  17 orcs
  A ball python (D:3)
  11 bats
  6 giant cockroaches
  6 goblins
  9 hobgoblins
  10 jackals
  5 frilled lizards
  A jackal zombie (D:5)
  17 kobolds
  A leopard gecko skeleton (D:5)
  4 rats
154 creatures vanquished.

Notes
Turn   | Place    | Note
-------+----------+-------------------------------------------
     0 | D:1      | tilp the Merfolk Ice Elementalist began the quest for the
                  | Orb.
     0 | D:1      | Reached XP level 1. HP: 13/13 MP: 3/3
   236 | D:1      | Reached XP level 2. HP: 18/19 MP: 3/5
   285 | D:1      | Reached skill level 4 in Ice Magic
   292 | D:1      | Learned a level 2 spell: Throw Frost
   440 | D:1      | You fall through a shaft!
   896 | D:2      | Found a faded altar of an unknown god.
   896 | D:2      | Found a faded altar of an unknown god.
   901 | D:2      | Found a glowing golden altar of the Shining One.
   903 | D:2      | Found an ancient bone altar of Kikubaaqudgha.
   904 | D:2      | Found a stormy altar of Qazlal.
  1077 | D:1      | Reached XP level 3. HP: 24/24 MP: 3/6
  1129 | D:1      | Learned a level 3 spell: Ozocubu's Armour
  1607 | D:2      | Found a blossoming altar of Fedhas.
  1709 | D:2      | Reached skill level 5 in Ice Magic
  1795 | D:2      | Found a sacrificial altar of Ru.
  2045 | D:3      | Reached XP level 4. HP: 30/30 MP: 3/7
  3283 | D:4      | Reached skill level 6 in Ice Magic
  3464 | D:4      | Found a staircase to the Ecumenical Temple.
  3469 | Temple   | Entered the Ecumenical Temple
  3476 | Temple   | Became a worshipper of Makhleb the Destroyer
  3495 | D:4      | Noticed an ogre
  3506 | D:4      | Reached XP level 5. HP: 35/35 MP: 4/8
  3789 | D:4      | Reached skill level 7 in Ice Magic
  3789 | D:4      | Reached XP level 6. HP: 41/41 MP: 3/9
  4220 | D:4      | Reached skill level 8 in Ice Magic
  4413 | D:4      | Noticed an orc warrior
  4440 | D:4      | Killed an orc warrior
  4440 | D:4      | Reached XP level 7. HP: 5/46 MP: 0/10
  4974 | D:4      | HP: 2/46 [ogre/+0 giant club (21)]
  4975 | D:4      | Reached skill level 1 in Fighting
  4975 | D:4      | Reached skill level 1 in Polearms
  5283 | D:5      | Entered Level 5 of the Dungeon
  5557 | D:5      | Found the cursed +14 obsidian axe {chop, +Fly SInv *Curse}
  5793 | D:5      | Reached * piety under Makhleb
  5793 | D:5      | Reached XP level 8. HP: 36/56 MP: 6/12
  5865 | D:5      | Reached skill level 1 in Invocations
  5865 | D:5      | Reached skill level 1 in Evocations
  6644 | D:6      | Reached skill level 5 in Polearms
  7191 | D:6      | Noticed Duvessa
  7197 | D:6      | Noticed Dowan
  7205 | D:6      | Reached ** piety under Makhleb
  7212 | D:6      | Killed Duvessa
  7217 | D:6      | Reached XP level 9. HP: 57/61 MP: 4/15
  7246 | D:6      | Killed Dowan
  8073 | D:7      | Found Tetzen's Distillery.
  8081 | D:7      | Bought a potion of curing for 30 gold pieces
  8207 | D:7      | HP: 3/61 [orc warrior/+0 flail (8)]
  8208 | D:7      | Killed from afar by an orc priest

Vault maps used:
D:1:      lemuel_arrival_lava_pool
D:2:      chequers_temple_overflow_minitemple, hangedman_ru_absence,
          fedhas_altar_2
D:4:      temple_doors_e, first_ration, minmay_strange_pillars
D:5:      grunt_ministairs_8
D:6:      uniq_duvessa
D:7:      serial_shops, shop_fountains, uniq_harold, uniq_pikel, uniq_menkaure
Temple:   nicolae_temple_no_exploring_needed

Skill      XL: |  1  2  3  4  5  6  7  8  9 |
---------------+----------------------------+-----
Ice Magic      | 4 5 6 7 8 |  8.1
Conjurations   | 2 |  2.1
Fighting       | 2 |  2.0
Polearms       | 3 6 7 |  7.3
Dodging        | 4 |  4.1
Spellcasting   | 3 4 |  4.0
Invocations    | 3 4 |  4.7
Evocations     | 3 4 |  4.3
Stealth        | |  2.1

Action                   |  1- 3 |  4- 6 |  7- 9 || total
-------------------------+-------+-------+-------++-------
Melee: Unarmed           |     3 |       |       ||     3
       Dagger            |    84 |   155 |   286 ||   525
Throw: Stone             |     4 |       |       ||     4
       Tomahawk          |       |     5 |     3 ||     8
 Cast: Freeze            |    40 |    32 |    63 ||   135
       Ozocubu's Armour  |     1 |     3 |    26 ||    30
       Throw Frost       |       |     2 |    22 ||    24
  Use: Potion            |       |     1 |     1 ||     2
       Scroll            |       |       |    14 ||    14
 Stab: Sleeping          |     4 |     2 |     5 ||    11
       Distracted        |       |       |     2 ||     2
  Eat: Chunk             |     4 |     9 |    13 ||    26
       Ration            |       |       |     1 ||     1
Armor: Robe              |    23 |    43 |   101 ||   167
Dodge: Dodged            |    69 |   101 |   238 ||   408

Table legend:
 A = Non-vault XP
 B = Vault XP
 C = Vault XP percentage of total XP
 D = Non-vault monster count
 E = Vault monster count
 F = Vault count percentage of total count
                 A         B        C        D         E       F
            +---------+---------+-------+---------+---------+-------
      Total |    2940 |     228 |   7.2 |     150 |       4 |   2.6
            +---------+---------+-------+---------+---------+-------
        D:1 |      47 |       0 |   0.0 |      25 |       0 |   0.0
        D:2 |      26 |       0 |   0.0 |      16 |       0 |   0.0
        D:3 |      55 |       0 |   0.0 |      25 |       0 |   0.0
        D:4 |     665 |       0 |   0.0 |      24 |       0 |   0.0
        D:5 |     783 |       8 |   1.0 |      26 |       2 |   7.1
        D:6 |    1228 |     220 |  15.2 |      33 |       2 |   5.7
        D:7 |     136 |       0 |   0.0 |       1 |       0 |   0.0
            +---------+---------+-------+---------+---------+-------
